 Dungeon Crawl Stone Soup version coffee-0.2.0 (webtiles) character file.

Game seed: 806345237899334129, levelgen mode: deterministic

85 Dorkslayer the Conjurer (level 4, -4/33 HPs)
             Began as a Demigod Conjurer on Sept 28, 2020.
             Slain by a scorpion (8 damage)
             ... on level 5 of the Dungeon.
             The game lasted 00:05:34 (1079 turns).

Dorkslayer the Conjurer (Demigod Conjurer)          Turns: 1079, Time: 00:05:35

Health: -4/33      AC:  2    Str: 11    XL:     4   Next: 5%
Magic:  4/9        EV: 13    Int: 21    God:
Gold:   92         SH:  5    Dex: 16    Spells: 5/6 levels left

rFire    . . .     SeeInvis .   d - +0 dagger (speed)
rCold    . . .     Gourm    .   f - +0 buckler
rNeg     . . .     Faith    .   a - +0 robe
rPois    .         Spirit   .   (no helmet)
rElec    .         Reflect  .   (no cloak)
rCorr    .         Harm     .   (no gloves)
MR       .....                  (no boots)
Stlth    +++.......             (no amulet)
HPRegen  0.11/turn              (no ring)
MPRegen  0.11/turn              (no ring)

@: lethally poisoned (-4 -> -12)
A: high mp 1
a: no special abilities


You were on level 5 of the Dungeon.
You were not hungry.

You visited 1 branch of the dungeon, and saw 4 of its levels.

You collected 92 gold pieces.

Inventory:

Hand Weapons
 d - a +0 dagger of speed (weapon)
 e - a +0 short sword
Missiles
 j - 14 poisoned darts
 k - 5 javelins (quivered)
Armour
 a - a +0 robe (worn)
 f - a +0 buckler (worn)
Scrolls
 b - a scroll of remove curse
 g - 2 scrolls of fog
 i - 2 scrolls of enchant armour
 l - a scroll of brand weapon
 m - a scroll of amnesia
Comestibles
 c - 3 rations
 h - 9 chunks of flesh


   Skills:
 * Level 1.1 Short Blades
 + Level 2.0(3.1) Dodging
 + Level 2.7(3.6) Stealth
 * Level 0.5(2.6) Shields
 + Level 1.9(2.9) Spellcasting
 + Level 4.2 Conjurations


You had 5 spell levels left.
You knew the following spells:

 Your Spells              Type           Power        Failure   Level  Hunger
a - Magic Dart            Conj           ###.         2%          1    None

Your spell library contained the following spells:

 Spells                   Type           Power        Failure   Level  Hunger
 Searing Ray              Conj           ###...       4%          2    ##.....
 Dazzling Flash           Conj/Hex       ###...       12%         3    ###....
 Confusing Touch          Hex            ##......     16%         3    ###....
 Gell's Gravitas          Tloc           ##........   17%         3    ###....
 Fulminant Prism          Conj/Hex       ###.......   36%         4    ####...
 Iskenderun's Mystic Bla  Conj/Tloc      ###.....     36%         4    ####...
 Petrify                  Tmut/Erth      ##......     50%         4    ####...
 Metabolic Englaciation   Hex/Ice        ##........   83%         5    ######.
 Yara's Violent Unravell  Hex/Tmut       ##........   83%         5    ######.


Dungeon Overview and Level Annotations

Branches:
Dungeon (5/10)             Temple (0/1) D:2


Innate Abilities, Weirdness & Mutations

You have an increased reservoir of magic. (+10% MP)


Message History

You feel sick. The scorpion barely misses you.
Casting: Magic Dart (safe; 2% risk of failure)
Confirm with . or Enter, or press ? or * to list all spells.
Aiming: Magic Dart (safe; 2% risk of failure)
Press: ? - help, Shift-Dir - straight line, f/p - scorpion
Aim: a scorpion (severely wounded)
The magic dart hits the scorpion.
The scorpion is almost dead.
* * * LOW HITPOINT WARNING * * *
You feel sick. The scorpion barely misses you.
Casting: Magic Dart (safe; 2% risk of failure)
Confirm with . or Enter, or press ? or * to list all spells.
Aiming: Magic Dart (safe; 2% risk of failure)
Press: ? - help, Shift-Dir - straight line, f/p - scorpion
Aim: a scorpion (almost dead)
The magic dart hits the scorpion but does no damage.
The scorpion is almost dead.
* * * LOW HITPOINT WARNING * * *
You feel sick. The scorpion stings you!
You die...

######
#.@..#
#s##.#
#.##.#
#.##.#
#.##.#
#.##.#
#(##.#
#(##.#
#.##.#


You could see a scorpion.

Vanquished Creatures
  2 orc wizards (D:5)
  An orc (D:5)
  A ball python (D:1)
  2 bats
  6 hobgoblins
  4 jackals (D:1)
  3 frilled lizards (D:1)
  5 kobolds
  A rat (D:1)
25 creatures vanquished.

Notes
Turn   | Place    | Note
-------+----------+-------------------------------------------
     0 | D:1      | Dorkslayer the Demigod Conjurer began the quest for the
                  | Orb.
     0 | D:1      | Reached XP level 1. HP: 14/14 MP: 5/5
   129 | D:1      | Reached skill level 4 in Conjurations
   132 | D:1      | Reached XP level 2. HP: 16/20 MP: 2/7
   860 | D:2      | Found a staircase to the Ecumenical Temple.
   934 | D:2      | You fall into a shaft and drop 2 floors!
   934 | D:4      | Found a snail-covered altar of Cheibriados.
   947 | D:5      | Entered Level 5 of the Dungeon
   970 | D:5      | Reached skill level 1 in Short Blades
   970 | D:5      | Reached XP level 3. HP: 26/26 MP: 8/8
   990 | D:5      | Reached XP level 4. HP: 6/33 MP: 6/9
  1079 | D:5      | Slain by a scorpion

Levels and vault maps discovered:
D:1:      psy_arrival_conway, layout_rooms, st_stairs_13
D:2:      layout_basic, minmay_temple_entry_wispy, first_ration
D:4:      layout_basic, nicolae_overflow_hidden_temple, serial_shops,
          nicolae_shop_crystal, kennysheep_generic_room_16, uniq_pikel
D:5:      layout_basic, item_on_display_a, uniq_duvessa, uniq_edmund,
          uniq_grinder

Skill      XL: |  1  2 |
---------------+-------+-----
Stealth        | 2 |  2.7
Conjurations   | 4 |  4.2
Short Blades   | 1 |  1.1
Dodging        | 2 |  2.0
Shields        | |  0.5
Spellcasting   | |  1.9

Action                   |  1- 3 |  4- 6 || total
-------------------------+-------+-------++-------
Melee: Short sword       |    50 |       ||    50
       Unarmed           |     5 |       ||     5
       Dagger            |       |     5 ||     5
Throw: Javelin           |       |     2 ||     2
 Cast: Magic Dart        |    26 |     6 ||    32
  Use: Potion            |     2 |       ||     2
 Stab: Sleeping          |     2 |       ||     2
  Eat: Chunk             |       |     1 ||     1
Armor: Robe              |     6 |       ||     6
Dodge: Dodged            |    36 |     2 ||    38
Block: Buckler           |     7 |       ||     7
